 Dungeon Crawl Stone Soup version 0.23-a0-139-ga22e90c (console) character file.

706 TAS2012 the Chiller (level 7, -3/56 HPs)
             Began as a Ghoul Ice Elementalist on Aug 30, 2018.
             Killed by divine providence
             ... invoked by an orc priest
              (13 damage)
             ... on level 5 of the Dungeon.
             The game lasted 00:44:47 (7487 turns).

TAS2012 the Chiller (Ghoul Ice Elementalist)        Turns: 7487, Time: 00:44:48

Health: -3/56      AC:  2    Str: 12    XL:     7   Next: 67%
Magic:  2/9        EV: 27    Int: 11    God:
Gold:   278        SH:  0    Dex: 10    Spells: 0/10 levels left

rFire    . . .     SeeInvis .   (no weapon)
rCold    + . .     Gourm    .   (no shield)
rNeg     + + +     Faith    .   a - +0 robe
rPois    ∞         Spirit   .   (no helmet)
rElec    .         Reflect  .   (no cloak)
rCorr    .         Harm     .   (no gloves)
MR       +....                  (no boots)
Stlth    ++........             p - amulet of the acrobat
HPRegen  0.00/turn              y - ring of protection from magic
MPRegen  0.11/turn              (no ring)

@: rotting
A: rotting body, claws 1, carnivore, cold resistance 1, negative energy
resistance 3, inhibited regeneration, torment resistance, unbreathing
a: no special abilities


You were on level 5 of the Dungeon.
You were not hungry.

You visited 1 branch of the dungeon, and saw 5 of its levels.

You collected 278 gold pieces.

Inventory:

Missiles
 b - 33 stones (quivered)
 n - 7 needles of paralysis
Armour
 a - a +0 robe (worn)
Jewellery
 p - an amulet of the acrobat (around neck)
 y - a ring of protection from magic (left claw)
Scrolls
 d - a scroll of fear {unknown}
 e - 3 scrolls of identify
 f - 5 scrolls of remove curse {unknown}
 g - 2 scrolls of enchant weapon {unknown}
 h - 3 scrolls of teleportation
 i - a scroll of random uselessness {unknown}
 q - a scroll of magic mapping {unknown}
 s - a scroll of noise {unknown}
 t - a scroll of fog {unknown}
 v - 2 scrolls of enchant armour {unknown}
 x - 2 scrolls of blinking {unknown}
Potions
 j - a potion of degeneration {unknown}
 k - 2 potions of resistance {unknown}
 l - a potion of lignification {unknown}
 m - 2 potions of brilliance {unknown}
 o - a potion of ambrosia {unknown}
 r - a potion of cancellation {unknown}
 w - a potion of berserk rage {unknown}
 z - a potion of haste {unknown}
Comestibles
 c - 11 rations


   Skills:
 - Level 2.5 Fighting
 - Level 2.9 Dodging
 - Level 3.0 Stealth
 - Level 2.0 Spellcasting
 + Level 3.7 Conjurations
 + Level 6.5 Ice Magic


You couldn't memorise any spells.
You knew the following spells:

 Your Spells              Type           Power        Failure   Level  Hunger
a - Freeze                Ice            ###.         1%          1    ##.....
b - Throw Frost           Conj/Ice       ##....       5%          2    ###....
c - Ozocubu's Armour      Chrm/Ice       #.......     22%         3    ####...
d - Throw Icicle          Conj/Ice       ##......     34%         4    #####..

Your spell library contained the following spells:

 Spells                   Type           Power        Failure   Level  Hunger
 Summon Ice Beast         Ice/Summ       #.......     58%         4    #####..
 Recall                   Summ/Tloc      N/A          65%         3    ####...
 Animate Dead             Necr           N/A          96%         4    #####..
 Borgnjor's Vile Clutch   Necr/Erth      #.........   100%        5    ######.
 Death Channel            Necr           #.........   100%        6    #######
 Simulacrum               Ice/Necr       #.........   100%        6    #######


Dungeon Overview and Level Annotations

Branches:
Dungeon (5/15)
 Temple: D:4-7

Altars:
Gozag
Ru

Annotations:
D:2 1 exclusion, Sigmund
D:3 Grinder
D:4 exclusion: 5 phantoms, Eustachio, Menkaure


Innate Abilities, Weirdness & Mutations

Your body is rotting away.
You thrive on raw meat.
You are immune to poison.
You have sharp fingernails.
You are carnivorous and can eat meat at any time.
Your flesh is cold resistant. (rC+)
You are immune to negative energy. (rN+++)
You do not regenerate when monsters are visible.
You are immune to unholy pain and torment.
You can survive without breathing.


Message History

Aim: an orc wizard, wielding a dagger and wearing a robe (almost dead, fast)
You freeze the orc wizard.
You kill the orc wizard!
The orc priest hits you with a club.
* * * LOW HITPOINT WARNING * * *
The orc closely misses you.
Casting: Freeze (safe; 1% risk of failure)
Confirm with . or Enter, or press ? or * to list all spells.
Aiming: Freeze (safe; 1% risk of failure)
Press: ? - help, Shift-Dir - straight line, f - orc priest
Aim: an orc priest, wielding a club and wearing a leather armour
Okay, then.
The orc throws a stone.
The stone completely misses you.
Your magical contamination has completely faded away.
The orc throws a stone.
The stone misses you.
You see here 2 stones.
The orc throws a stone.
The stone completely misses you.
The orc priest calls down the wrath of Beogh upon you.
Beogh smites you!
You die...

▒·········▒
▒▒·········▒
▒··········▒ ··
▒··▒··"·····▒ ▒·▒▒▒▒▒
▒··▒▒▒·····▒▒▒
·····▒▒▒▒▒▒ ▒··▒
▒···▒▒▒ ▒▒▒▒▒
▒·········· ▒·▒ ▒▒··▒
▒···▒▒ ▒·········· ·▒
▒··▒▒ ▒····▒▒
▒(·▒▒····· ▒▒··▒
▒·····▒▒ ▒▒········▒
▒▒▒·▒▒
▒······▒▒▒···(·▒▒
▒·▒··▒
▒·······▒··▒▒@··▒
▒▒··▒·▒▒
▒·········▒▒▒(··▒
▒▒······▒ ▒········▒▒
▒▒o·▒▒ ▒·······▒▒
▒········▒ ▒···▒
▒········▒▒
▒·······▒▒ ▒▒oo▒▒
▒·········▒▒
▒·····▒▒▒ ▒·)·▒
▒▒·········▒▒ ▒▒···▒▒
▒▒(·▒ ▒▒▒▒▒▒·····▒
▒▒·▒▒ ▒·(▒▒ ▒··▒▒
▒▒···▒▒···▒▒ ▒▒·▒▒
▒▒··▒
▒···▒▒▒▒·(···▒▒···▒▒
▒▒·▒▒ ▒··▒▒
▒····▒▒·······▒····▒
▒▒·▒▒ ▒▒·(▒
▒·····▒···_·····▒··▒▒
▒▒·▒▒ ▒··▒
▒·····▒·······▒▒▒···▒
▒▒▒▒▒·▒▒ ▒▒(▒▒
▒·····▒▒·····▒▒
▒▒··▒▒▒▒····▒▒ ▒)·▒
▒··Y···▒▒···▒▒
▒▒·······▒▒··▒ ▒··▒▒


You could see an orc priest and 2 orcs.

Vanquished Creatures
  A water moccasin (D:4)
  A scorpion (D:5)
  A howler monkey (D:4)
  A hound (D:3)
  3 orc priests
  A bullfrog skeleton (D:5)
  3 orc wizards
  Jessica (D:3)
  2 iguanas
  3 gnolls (D:4)
  5 adders
  An ooze (D:1)
  An adder zombie (D:4)
  3 worms
  A dart slug (D:1)
  8 leopard geckos
  11 orcs
  3 ball pythons
  8 giant cockroaches
  10 hobgoblins
  7 jackals
  7 bats
  2 frilled lizards
  6 goblins
  8 kobolds
  9 rats
107 creatures vanquished.

Notes
Turn   | Place    | Note
-------+----------+-------------------------------------------
     0 | D:1      | TAS2012 the Ghoul Ice Elementalist began the quest for the
                  | Orb.
     0 | D:1      | Reached XP level 1. HP: 14/14 MP: 2/2
   557 | D:1      | Reached XP level 2. HP: 19/20 MP: 1/3
   570 | D:1      | Reached skill level 4 in Ice Magic
   768 | D:1      | Learned a level 2 spell: Throw Frost
   957 | D:1      | Reached XP level 3. HP: 13/26 MP: 0/4
  1744 | D:1      | Reached skill level 1 in Conjurations
  2047 | D:2      | Reached XP level 4. HP: 31/33 MP: 0/6
  2052 | D:2      | Learned a level 3 spell: Ozocubu's Armour
  2681 | D:2      | Reached skill level 5 in Ice Magic
  2682 | D:2      | Noticed Sigmund
  2951 | D:2      | Reached skill level 1 in Fighting
  3120 | D:2      | Reached XP level 5. HP: 39/39 MP: 5/7
  3449 | D:3      | Noticed Grinder
  3600 | D:3      | Noticed Jessica
  3610 | D:3      | Killed Jessica
  4693 | D:4      | Noticed a phantom
  4709 | D:4      | Noticed a phantom
  4781 | D:4      | Reached XP level 6. HP: 41/47 MP: 2/8
  5091 | D:4      | Noticed Menkaure
  5207 | D:4      | Found an opulent altar of Gozag.
  5324 | D:4      | Noticed Eustachio
  5876 | D:5      | Entered Level 5 of the Dungeon
  5876 | D:5      | Noticed a water moccasin
  5888 | D:4      | Killed a water moccasin
  5888 | D:4      | Reached skill level 6 in Ice Magic
  5888 | D:4      | Reached XP level 7. HP: 22/56 MP: 1/9
  5950 | D:4      | HP: 2/56 [crimson imp (4)]
  6218 | D:5      | Learned a level 4 spell: Throw Icicle
  6577 | D:5      | Found a sacrificial altar of Ru.
  7487 | D:5      | Killed from afar by an orc priest

Vault maps used:
D:1:      dpeg_arrival_pond
D:2:      minmay_misc_feat_chi, minmay_bisected, uniq_sigmund
D:3:      uniq_grinder, uniq_jessica
D:4:      grunt_gozag_breadcrumbs, uniq_eustachio, uniq_menkaure
D:5:      lemuel_upstairs_altar, lemuel_round_altar, first_ration

Skill      XL: |  1  2  3  4  5  6  7 |
---------------+----------------------+-----
Ice Magic      | 4 5 6 |  6.5
Conjurations   | 1 2 3 |  3.7
Spellcasting   | 2 |  2.0
Fighting       | 1 2 |  2.5
Dodging        | 2 |  2.9
Stealth        | 3 |  3.0

Action                   |  1- 3 |  4- 6 |  7- 9 || total
-------------------------+-------+-------+-------++-------
Melee: Unarmed           |    11 |    25 |    70 ||   106
Throw: Stone             |    46 |   116 |    47 ||   209
       Tomahawk          |       |       |     3 ||     3
 Cast: Freeze            |    65 |   110 |    52 ||   227
       Throw Frost       |       |     7 |     1 ||     8
       Ozocubu's Armour  |       |       |     3 ||     3
  Use: Scroll            |     2 |     1 |     1 ||     4
       Potion            |       |     1 |     1 ||     2
  Eat: Chunk             |     6 |    16 |     7 ||    29
Armor: Robe              |    10 |    10 |    18 ||    38
Dodge: Dodged            |    37 |    67 |    79 ||   183

Table legend:
 A = Non-vault XP
 B = Vault XP
 C = Vault XP percentage of total XP
 D = Non-vault monster count
 E = Vault monster count
 F = Vault count percentage of total count
                 A         B        C        D         E       F
            +---------+---------+-------+---------+---------+-------
      Total |     968 |      41 |   4.1 |     103 |       4 |   3.7
            +---------+---------+-------+---------+---------+-------
        D:1 |      64 |       0 |   0.0 |      33 |       0 |   0.0
        D:2 |     105 |       4 |   3.7 |      24 |       3 |  11.1
        D:3 |      81 |      37 |  31.4 |      14 |       1 |   6.7
        D:4 |     373 |       0 |   0.0 |      18 |       0 |   0.0
        D:5 |     345 |       0 |   0.0 |      14 |       0 |   0.0
            +---------+---------+-------+---------+---------+-------
